 Dungeon Crawl Stone Soup version 0.31-a0-161-gb58dd9be76 (webtiles) character file.

Game seed: 12341190329651265687

65 Serulin the Covered (level 4, 29/29 HPs)
             Began as a Gargoyle Fighter on June 13, 2023.
             Was a Follower of Elyvilon.
             Quit the game on level 3 of the Dungeon.
             The game lasted 00:02:48 (929 turns).

Serulin the Covered (Gargoyle Fighter)               Turns: 929, Time: 00:02:49

Health: 29/29      AC: 10    Str: 22    XL:     4   Next: 14%
Magic:  4/4        EV:  9    Int:  8    God:    Elyvilon [*.....]
Gold:   106        SH:  4    Dex:  9    Spells: 3/3 levels left

rFire   . . .        a - +0 flail
rCold   . . .        c - +0 buckler
rNeg    + . .        b - +0 scale mail
rPois   ∞            (no helmet)
rElec   +            (no cloak)
rCorr   .            (no gloves)
SInv    .            (no boots)
Will    .....        (no amulet) Stlth
                     (no ring)
HPRegen 0.24/turn    (no ring)
MPRegen 0.09/turn

%: no passive effects
@: no status effects
A: sickness immunity, AC +3, negative energy resistance 1, electricity
resistance, torment resistance 1, petrification resistance
a: Renounce Religion, Purification


You were on level 3 of the Dungeon.
You worshipped Elyvilon.
Elyvilon was aware of your devotion.
You visited 1 branch of the dungeon, and saw 3 of its levels.

You collected 106 gold pieces.

Inventory:

Hand Weapons
 a - a +0 flail (weapon)
Armour
 b - a +0 scale mail (worn)
 c - a +0 buckler (worn)
Scrolls
 e - a scroll of enchant weapon {unknown}
 f - 2 scrolls of teleportation {unknown}
 g - a scroll of summoning {unknown}
 h - a scroll of noise {unknown}
 j - a scroll of vulnerability {unknown}
 l - a scroll of poison {unknown}
Potions
 d - a potion of might
 i - 3 potions of cancellation
 k - a potion of brilliance


   Skills:
 + Level 3.9 Fighting
 + Level 2.7 Maces & Flails
 + Level 3.9 Armour
 + Level 3.8 Shields


You had 3 spell levels left.
You didn't know any spells.
Your spell library contained the following spells:

 Spells                   Type           Power      Damage    Failure   Level
 Shock                    Conj/Air       0%         1d3       80%         1
 Swiftness                Air            0%         N/A       99%         3
 Airstrike                Air            0%         2d(0-16)  100%        4


Dungeon Overview and Level Annotations

Branches:
Dungeon (3/15)

Altars:
Elyvilon


Innate Abilities, Weirdness & Mutations

You are immune to sickness and miasma.
Your stone body is resilient. (AC +3)
You are immune to poison.
You resist negative energy. (rN+)
You are resistant to electric shocks. (rElec)
You are resistant to unholy torment.
You are immune to petrification.


Message History

You are frozen.
You hit the endoplasm.
The endoplasm is moderately wounded.
You block the endoplasm's attack.
You sock the endoplasm!
You kill the endoplasm!
Things that are here:
a +0 club; a stone
f - 2 scrolls labelled AHA NU KIEBAYPP (gained 1) Done exploring.
Done exploring.
Done exploring.
Done exploring.
(D) Dungeon
Where to? (Enter - D:2, ? - help)
There is a stone staircase leading down here.
You climb downwards.
There is a stone staircase leading up here.
Found a faded altar of an unknown god.
Found a stone staircase leading down.
There is a dry fountain here.
There is an abandoned shop here.
This shop appears to be closed.
This shop appears to be closed.
An orc comes into view.
It is wielding a +2 short sword of draining.
The orc shouts!
There is a faded altar of an unknown god here.
An adder comes into view.
The orc barely misses you.
The adder moves out of view.
You barely miss the orc. The orc closely misses you.
You sock the orc!
You kill the orc!
No target in view!
You see here a +2 short sword of draining.
There is a faded altar of an unknown god here.
This altar belongs to (a) Kikubaaqudgha, (b) Gozag or (c) Elyvilon, but you can't tell which.
Press the corresponding letter to learn more about a god, or press enter to convert or escape to cancel.
Elyvilon accepts your prayer! Elyvilon welcomes you!
You can now purify yourself.
Are you sure you want to abandon this character and quit the game? (Confirm with "yes".)

.$.# #.# #..# #.# #..#
#.# #..# #.# ### #..#
#.###.## #..#
#.##...###..#######.#
###.#.......⌠.....)...#
#........###..@.#####.#
#.#<#.#.....∩....# #
#......###..##.#
###.##.# #..>...#
...##.# #.#......
######.# #......... #..
....#..#### ###..#....
..# ###


There were no monsters in sight!

Vanquished Creatures
  2 adders (D:2)
  2 dart slugs (D:1)
  An orc (D:3)
  7 endoplasms
  2 giant cockroaches
  3 hobgoblins
  A quokka (D:1)
  2 ball pythons (D:1)
  3 bats
  A frilled lizard (D:1)
  4 goblins (D:2)
  7 kobolds
  5 rats
40 creatures vanquished.

Notes
Turn   | Place    | Note
-------+----------+-------------------------------------------
     0 | D:1      | Serulin the Gargoyle Fighter began the quest for the Orb.
     0 | D:1      | Reached XP level 1. HP: 14/14 MP: 1/1
    80 | D:1      | Reached XP level 2. HP: 19/19 MP: 2/2
   277 | D:1      | Reached XP level 3. HP: 17/23 MP: 3/3
   713 | D:2      | Reached XP level 4. HP: 26/29 MP: 4/4
   902 | D:3      | Found a faded altar of an unknown god.
   928 | D:3      | Prayed at the altar of an unknown god.
   928 | D:3      | Became a worshipper of Elyvilon the Healer
   928 | D:3      | Reached * piety under Elyvilon
   929 | D:3      | Quit the game

Illustrated notes

Levels and vault maps discovered:
D:1:      grunt_arrival_lava_bath, layout_rooms
D:2:      layout_rooms
D:3:      layout_loops_ring, ebering_ecumenical_altar_abandoned, st_stairs_6

Action                     |  1- 3 |  4- 6 || total
---------------------------+-------+-------++-------
  Melee: Flail             |   126 |    15 ||   141
    Use: Scroll            |     2 |       ||     2
 Armour: Scale mail        |    62 |    16 ||    78
  Dodge: Dodged            |    58 |    11 ||    69
  Block: Buckler           |    25 |     5 ||    30

Table legend: (Time is in decaauts)
 A = Elapsed time spent in this place.
 B = Non-inter-level travel time spent in this place.
 C = Inter-level travel time spent in this place.
 D = Time resting spent in this place.
 E = Time spent auto-exploring this place.
 F = Levels seen in this place.
 G = Mean time per level.
                   A        B        C        D        E       F      G
               +--------+--------+--------+--------+--------+-----+--------+
         Total |    972 |    948 |     24 |      0 |    621 |   3 |  324.0 |
       Dungeon |    972 |    948 |     24 |      0 |    621 |   3 |  324.0 |
               +--------+--------+--------+--------+--------+-----+--------+

Top non-repeatable levels by time:
     D:2: 516 daAuts
     D:1: 423 daAuts
     D:3: 32 daAuts
